[Event "31st Kavala Open-A 2022"]
[Site "Kavala"]
[Date "2022.07.28"]
[Round "4.3"]
[White "Yilmazyerli, Mert"]
[Black "Maltsevskaya, Aleksandra"]
[Result "1-0"]
[ECO "D74"]
[WhiteElo "2520"]
[BlackElo "2378"]
[Annotator "TA"]
[PlyCount "69"]
[EventDate "2022.07.27"]
[EventType "swiss"]
[EventCountry "GRE"]
[SourceTitle "playchess.com"]
[Source "ChessBase"]
[SourceQuality "1"]
[TimeControl "40/5400+30:1800+30"]

1. Nf3 d5 2. g3 g6 3. Bg2 Bg7 4. d4 Nf6 5. O-O O-O 6. c4 Nc6 7. cxd5 Nxd5 8. e4 Nb6 9. d5 Na5 10. Qe1 Nac4 11. Nc3 c6 {[%emt 0:05:11][%cal Rc6d5] D74: Fianchetto Grünfeld: Main Line (5 Nf3 0-0 6 cxd5 Nxd5 7 0-0).} 12. b3 Nd6 13. e5 Nb5 {[%emt 0:00:24] White is slightly better.} 14. Nxb5 cxb5 15. d6 $1 exd6 16. Ba3 (16. Bg5 $5 f6 17. exf6 Bxf6 18. Qd2 $11) 16... Re8 17. Bxd6 Bg4 {[%emt 0:01:08] [#]} (17... Bd7 $14) 18. Rd1 $1 $16 Nd7 {[%emt 0:06:56] Loses the game.} (18... h5 $16) 19. Qe4 $1 $18 Bxf3 {[%emt 0:07:03] [#]} 20. Bxf3 $146 ({Predecessor:} 20. Qxf3 Qa5 21. Qxb7 Nxe5 22. h3 g5 23. Rd5 Qc3 24. Qxb5 Rac8 25. Rc5 Qd4 26. Rd5 {1-0 (49) Granda Zuniga,J (2599)-Pereira,R (2418) Evora 2008}) 20... Qa5 21. Bb4 {[%emt 0:01:33] This bishop pair is nice.} Qc7 22. Qxb7 Qxb7 23. Bxb7 Rad8 24. Bc6 Nxe5 25. Bxe8 Rxe8 26. Kg2 Nc6 27. Rfe1 Ra8 28. Bc5 Bc3 29. Re4 a5 30. Rd7 {[%emt 0:01:35] White is clearly winning.} Rc8 31. Bb6 Rb8 32. Bc7 Rc8 33. a4 b4 (33... bxa4 $142 34. bxa4 Bb4) 34. Rc4 Nd4 35. Be5 {[%emt 0:00:05] Weighted Error Value: White=0.05 (flawless) /Black=0.32} 1-0

[Event "31st Kavala Open-A 2022"]
[Site "Kavala"]
[Date "2022.07.28"]
[Round "4.4"]
[White "Kanakaris, Georgios"]
[Black "Karthik Venkataraman"]
[Result "1/2-1/2"]
[ECO "A37"]
[WhiteElo "2389"]
[BlackElo "2483"]
[Annotator "TA"]
[PlyCount "39"]
[EventDate "2022.07.27"]
[EventType "swiss"]
[EventCountry "GRE"]
[SourceTitle "playchess.com"]
[Source "ChessBase"]
[SourceQuality "1"]
[TimeControl "40/5400+30:1800+30"]

1. Nf3 c5 2. g3 Nc6 3. c4 g6 4. Nc3 Bg7 5. Bg2 d6 6. d3 e6 7. h4 {[%emt 0:07:59] is now debated instead of 7.0-0. A37: Symmetrical English vs ...g6: 4 Bg2 Bg7 5 Nf3.} h6 8. Bd2 Nge7 9. Qc1 {[%emt 0:02:00] The position is equal.} Rb8 {[%emt 0:06:10] [#]} 10. O-O $146 ({Predecessor:} 10. Rb1 Nf5 11. O-O Ncd4 12. Nxd4 cxd4 13. Ne4 O-O 14. g4 Nxh4 15. Bxh6 f6 16. Bxg7 Kxg7 {0-1 (61) Ipatov,A (2613)-Vitiugov,N (2742) Dubai 2014}) 10... b6 11. e4 Bb7 12. Ne2 Ne5 13. Qc2 O-O 14. Bc3 Qc7 15. Nh2 d5 16. cxd5 exd5 17. f4 Nd7 18. Bxg7 Kxg7 19. Rae1 Rbe8 20. g4 {[%emt 0:08:07] Weighted Error Value: White=0.09 (flawless) /Black=0.10 (very precise)} 1/2-1/2

[Event "31st Kavala Open-A 2022"]
[Site "Kavala"]
[Date "2022.07.28"]
[Round "4.5"]
[White "Vrolijk, Liam"]
[Black "Levin, Guy"]
[Result "0-1"]
[ECO "D26"]
[WhiteElo "2464"]
[BlackElo "2363"]
[Annotator "TA"]
[PlyCount "112"]
[EventDate "2022.07.27"]
[EventType "swiss"]
[EventCountry "GRE"]
[SourceTitle "playchess.com"]
[Source "ChessBase"]
[SourceQuality "1"]
[TimeControl "40/5400+30:1800+30"]

1. d4 d5 2. c4 dxc4 3. Nf3 Nf6 4. e3 e6 5. Bxc4 a6 6. O-O b5 7. Bd3 Bb7 8. a4 b4 9. Nbd2 {[%emt 0:01:22] D26: Queen's Gambit Accepted: 4 e3 e6 5 Bxc5 c5 sidelines.} c5 10. Qe2 Nbd7 11. a5 {[%emt 0:01:52] White is slightly better.} Be7 12. e4 cxd4 13. e5 Nd5 14. Nb3 Nc5 15. Nxc5 Bxc5 16. Bd2 {[%emt 0:00:43] [#]} h6 $146 ({Predecessor:} 16... Be7 17. Qe4 Qd7 18. Qxd4 O-O 19. Bg5 Rfd8 20. Rfd1 h6 21. Bxe7 Qxe7 {0-1 (66) Mekhitarian,K (2536)-Molina,R (2458) Natal 2019}) 17. Rfc1 Qe7 18. Rc4 {[%emt 0:11:43] Against Nc3} O-O 19. Rxc5 Qxc5 20. Qe4 Rfc8 (20... g6 21. Bxh6 Rfd8 22. Qg4 $16) 21. Qh7+ Kf8 22. Qh8+ Ke7 23. Qxg7 Rg8 24. Qxh6 Rh8 25. Qg5+ {[%emt 0:03:14][%mdl 1024] White has strong compensation.} (25. Qg7 $2 Rag8 26. Qxh8 Rxh8 $19) 25... Kd7 26. Qg4 Rag8 27. Ng5 $1 Ne7 28. Rc1 Qxa5 29. Qf4 Bxg2 $1 {[%emt 0:00:16] Hoping for ...Bc6.} 30. Qxd4+ (30. f3 $5 Qb6 31. Rc4 (31. Kxg2 $2 Rxg5+ 32. Qxg5 Rg8 $17) 31... Rxg5 32. Qxg5 (32. Qxd4+ Qxd4+ 33. Rxd4+ Nd5 $14) 32... Bxf3 33. Qf6 $11 (33. Bxb4 $2 Rg8 $19)) 30... Qd5 31. Qa7+ Qb7 32. Qc5 Bc6 33. Qd6+ (33. Be4 $5 Rh4 34. Bxc6+ Nxc6 35. Qd6+ Ke8 36. Qxc6+ Qxc6 37. Rxc6 Rg4+ 38. Kf1 R8xg5 39. Bxg5 Rxg5 40. Rxa6 $11) 33... Ke8 34. Be4 $1 {[%emt 0:02:23] This bishop pair is nice.} Rh5 $2 (34... Bxe4 $2 35. Rc7 Qxc7 36. Qxc7 $18) (34... Rh4 $1 $11 35. Qxc6+ (35. Bxc6+ Nxc6 36. Qxc6+ Qxc6 $11) 35... Qxc6 36. Bxc6+ Nxc6 37. Rxc6 Rg4+ 38. Kf1 R8xg5 39. Bxg5 Rxg5) 35. h4 $2 {[%emt 0:06:53] [#]} Rxh4 $1 $15 36. Bxc6+ Nxc6 37. Rxc6 $2 {[%emt 0:00:11] White does not recover from this.} (37. Qxc6+ $15 Qxc6 38. Rxc6 Rg4+ 39. Kf1 R8xg5 40. Bxg5 Rxg5 41. Rxa6) 37... Rg4+ $1 $19 38. Kh2 {[%emt 0:00:26] [#]} Rh8+ $1 ({Don't do} 38... R8xg5 39. Bxg5 Rxg5 40. f3 Rxe5 41. Rc7 Qxc7 42. Qxc7 Rh5+ 43. Kg3 $18) 39. Nh3 {[%emt 0:00:06] [#]} Rgh4 $1 $40 {[%emt 0:00:02][%cal Bg4h4,Bh4h3,Bh3d3][%mdl 160] Black wants a kill. Dancing on a razor blade.} 40. Bg5 Rxh3+ 41. Kg2 $2 {[%emt 0:05:27] [#]} (41. Kg1 Rh1+ 42. Kg2) 41... Rd3 $3 42. Qc7 (42. Qxd3 Qxc6+) 42... Qxc7 43. Rxc7 {[%emt 0:00:05][%mdl 4096] Endgame Black must now prevent Rc8+. KRR-KRB} Rh5 44. Bf6 {[%emt 0:03:28] And now Rc8+ would win.} Rb3 {[%emt 0:07:22] Strongly threatening ...Rf5.} 45. Ra7 (45. Re7+ $142 Kf8 46. f3 Rxb2+ 47. Kg3) 45... Rxb2 46. Kg3 (46. Re7+ $142 Kf8 47. Kg3) 46... Rf5 47. f4 b3 {[%emt 0:00:47][%cal Bb4b3,Bb3b2][%mdl 32] ...Rb1 is the strong threat.} 48. Rxa6 Kd7 (48... Rb1 $142 49. Bh4 Rg1+ 50. Kf3 Rh1 51. Ra8+ Kd7 52. Ra7+ Kc8 53. Ra8+ Kd7 54. Ra7+ Kc8 55. Ra8+ Kb7) 49. Rb6 Rb1 {[%emt 0:00:13] ( -> ...b2)} 50. Bg5 Kc7 51. Rb4 b2 52. Kg2 {[%emt 0:00:09] [#]} Rxg5+ $1 53. fxg5 Kc6 54. Kh2 Kd5 55. Rb5+ Ke4 56. Kg2 Kf5 {[%emt 0:00:06] Weighted Error Value: White=0.74/Black=0.21 (precise)} 0-1

[Event "31st Kavala Open-A 2022"]
[Site "Kavala"]
[Date "2022.07.28"]
[Round "4.6"]
[White "Tarhan, Adar"]
[Black "Can, Isik"]
[Result "1/2-1/2"]
[ECO "B28"]
[WhiteElo "2201"]
[BlackElo "2445"]
[Annotator "TA"]
[PlyCount "75"]
[EventDate "2022.07.27"]
[EventType "swiss"]
[EventCountry "GRE"]
[SourceTitle "playchess.com"]
[Source "ChessBase"]
[SourceQuality "1"]
[TimeControl "40/5400+30:1800+30"]

1. e4 c5 2. Nf3 a6 3. d4 cxd4 4. Nxd4 Nf6 5. Nc3 e5 6. Nf3 Bb4 7. Bd2 d6 8. Bc4 {[%emt 0:00:43] B28: Sicilian: 2 Nf3 a6 (O'Kelly Variation).} Qc7 9. Qe2 Bxc3 10. Bxc3 {[%emt 0:00:30] [#] Black has an edge.} Bg4 $146 ({Predecessor:} 10... b5 11. Bb3 Bb7 12. Nd2 Nbd7 13. a4 O-O 14. O-O Nc5 15. axb5 axb5 16. f3 b4 17. Bxb4 Nxb3 18. Nxb3 {0-1 (47) Pemberton,C (1920)-Grabitz,G (2079) Dresden 2007}) 11. O-O-O {[%emt 0:04:14] Strongly threatening Bb4.} Nc6 {[%emt 0:10:14] Against Bb4} 12. Bb3 b5 13. Qd3 (13. h3 $5 Be6 14. Rhe1 $11) 13... Rd8 14. Bd2 Nd7 15. Be3 Nc5 $1 16. Bxc5 dxc5 17. Bd5 {[%emt 0:00:06] And now Bxc6+ would win.} O-O 18. Qe3 Nd4 19. Kb1 b4 20. Qg5 (20. Rc1 $15) 20... Bxf3 $17 21. gxf3 Kh8 ({Much worse is} 21... Nxf3 $6 22. Qh5 Nd4 23. Rd3 $11) 22. Rhg1 (22. Qe3 $17 {keeps fighting.}) 22... f6 $19 23. Qe3 c4 24. f4 c3 25. b3 {[%emt 0:00:31] [#]} Qa5 $1 26. Bc4 $2 {[%emt 0:06:05] [#]} ({Wrong is} 26. Qg3 $2 Rd7 27. a4 bxa3 $19) (26. f5) 26... Nxc2 $1 27. Rxd8 {[%emt 0:00:12] [#]} Rxd8 ({Black should play} 27... Na3+ $1 $19 28. Kc1 Qxd8) 28. Qa7 $36 {[%emt 0:00:10][%csl Gg1][%cal Ra7g7][%mdl 2048] White has some pressure. Chess con chili. The position is equal.} Na3+ 29. Ka1 Nc2+ 30. Kb1 Na3+ 31. Ka1 Nc2+ 32. Kb1 g6 {[%emt 0:01:30][%cal Oa5a3] ( -> ...Qa3!)} 33. Qe7 Na3+ 34. Ka1 Nc2+ 35. Kb1 Na3+ 36. Ka1 Nxc4 37. Qxf6+ Kg8 38. Rxg6+ $2 {[%emt 0:00:04][%mdl 40960] Weighted Error Value: White=0.19 (very precise) /Black=0.16 (very precise) . An unexpected result.} (38. Qe6+ $11 Kg7 39. Qe7+ Kh8 40. Qf6+ Kg8 41. Qe6+ Kh8 42. Qf6+) 1/2-1/2

[Event "31st Kavala Open-A 2022"]
[Site "Kavala"]
[Date "2022.07.28"]
[Round "4.7"]
[White "Schroeder, Jan-Christian"]
[Black "Vafiadis, Kleanthis"]
[Result "1-0"]
[ECO "B72"]
[WhiteElo "2563"]
[BlackElo "2286"]
[Annotator "TA"]
[PlyCount "49"]
[EventDate "2022.07.27"]
[EventType "swiss"]
[EventCountry "GRE"]
[SourceTitle "playchess.com"]
[Source "ChessBase"]
[SourceQuality "1"]
[TimeControl "40/5400+30:1800+30"]

1. e4 c5 2. Nf3 d6 3. d4 cxd4 4. Nxd4 Nf6 5. Nc3 a6 6. Bd3 g6 7. f3 Bg7 8. Be3 Nc6 {[%emt 0:01:23] B72: Sicilian Dragon: 6 Be3, lines with h3+Bc4 and sidelines.} 9. Qd2 O-O 10. O-O-O Nxd4 (10... d5 $11) 11. Bxd4 $14 Be6 12. Kb1 {[%emt 0:11:58] [#]} Qa5 $146 ({Predecessor:} 12... Re8 13. g4 Qa5 14. h4 Rec8 15. a3 b5 16. h5 Rab8 17. hxg6 fxg6 18. Bxf6 exf6 {1-0 (29) Fedorov,A (2551)-Istratescu,A (2564) Alba Iulia 2019}) 13. Qe3 Nd7 {[%emt 0:07:30] Against Bb6} 14. Bxg7 Kxg7 15. h4 (15. f4 $5 ) 15... h6 16. f4 Qc5 17. Qg3 h5 ({Better is} 17... Rac8) 18. f5 $1 $36 {[%emt 0:17:05][%mdl 2048] White has strong initiative.} Bc4 19. Qg5 {[%emt 0:00:39] [#] Black must now prevent Bxc4.} Ne5 (19... Nf6 $16) 20. Qxe7 $18 b5 21. Bxc4 {[%emt 0:05:09] Dancing on a razor blade.} Nxc4 (21... Rae8 {is more resistant.} 22. f6+ (22. Qxd6 Qxd6 23. Rxd6 Nxc4 $18) 22... Kh7 23. Bxf7 (23. Qxd6 Qxd6 24. Rxd6 Nxc4 $18) 23... Nxf7) 22. Nd5 {[%emt 0:00:38] aiming for Qf6+. White is clearly winning.} Ne5 23. fxg6 {[%emt 0:01:26] [#] Strongly threatening Qf6+.} Nxg6 24. Qf6+ Kh7 25. g4 {[%emt 0:02:23] Weighted Error Value: White=0.06 (flawless) /Black=0.49} 1-0

[Event "31st Kavala Open-A 2022"]
[Site "Kavala"]
[Date "2022.07.28"]
[Round "4.8"]
[White "Priyanka Nutakki"]
[Black "Gagare, Shardul"]
[Result "0-1"]
[ECO "D37"]
[WhiteElo "2308"]
[BlackElo "2514"]
[Annotator "TA"]
[PlyCount "48"]
[EventDate "2022.07.27"]
[EventType "swiss"]
[EventCountry "GRE"]
[SourceTitle "playchess.com"]
[Source "ChessBase"]
[SourceQuality "1"]
[TimeControl "40/5400+30:1800+30"]

1. d4 Nf6 2. c4 e6 3. Nf3 d5 4. Nc3 Nbd7 5. Bf4 Bb4 6. e3 c5 {[%emt 0:09:23] D37: Queen's Gambit Declined: 5 Bf4.} 7. dxc5 {[%emt 0:08:27] 7.Be2 is the modern continuation.} Qa5 {[%emt 0:04:36] [#]} 8. Rc1 $146 ({Predecessor:} 8. Be2 Bxc3+ 9. bxc3 Nxc5 10. O-O O-O 11. Bd6 Re8 12. Qd4 b6 13. Ne5 Nfe4 14. Nc6 {0-1 (56) Van Foreest,L (2499)-Mikhalevski,V (2574) Saint Louis 2018}) 8... Nxc5 {[%emt 0:14:09] The position is equal.} 9. Nd4 (9. Be5 $11 {keeps the balance.}) 9... Nce4 (9... Bd7 $17 {Hoping for ...Qxa2.} 10. Qc2 Qxa2) 10. Qb3 (10. a3 $15 Bxc3+ 11. bxc3) 10... e5 $17 11. Bxe5 dxc4 {[%emt 0:02:06][%mdl 64] Discovered Attack} 12. Bxc4 Bxc3+ 13. Rxc3 Qxe5 14. Bxf7+ Ke7 {[%emt 0:03:08][%cal Be8e7,Be7d8,Bd8c7,Bc7b8][%mdl 32] And now ...Qa5 would win.} 15. Rc2 Rf8 16. Be6 Qa5+ $19 ({Don't take} 16... Bxe6 17. Qxb7+ Ke8 18. Qxa8+ Kf7 19. Qxa7+ Kg8 20. Nxe6 Qxe6 21. O-O $18) 17. Kd1 $2 {[%emt 0:00:06] [#]} (17. Ke2 Nd7 18. Bxd7 Rxf2+ 19. Kd3 Bxd7 20. Qxb7 Rd2+ 21. Kxe4) 17... Nc5 $1 18. Nf5+ Kd8 19. Rxc5 Qxc5 {[%emt 0:00:06] The board is on fire.} 20. Qd3+ Kc7 21. Ke2 Rd8 ({Not} 21... Bxe6 {[#]} 22. Rc1 $3 Qc6 23. Qd6+ Kb6 24. Rxc6+ bxc6 25. Qxe6 $18) 22. Nd4 Kb8 23. Nc6+ $2 (23. Qc4 Qxc4+ 24. Bxc4) 23... Qxc6 24. Qxd8 Qa6+ {[%emt 0:00:10] White got outplayed after the opening.  Weighted Error Value: White=0.69/Black=0.16 (very precise)} 0-1

[Event "31st Kavala Open-A 2022"]
[Site "Kavala"]
[Date "2022.07.28"]
[Round "4.9"]
[White "Santiago, Yago De Moura"]
[Black "Kalogridis, Antonios"]
[Result "0-1"]
[ECO "D90"]
[WhiteElo "2513"]
[BlackElo "2272"]
[Annotator "TA"]
[PlyCount "112"]
[EventDate "2022.07.27"]
[EventType "swiss"]
[EventCountry "GRE"]
[SourceTitle "playchess.com"]
[Source "ChessBase"]
[SourceQuality "1"]
[TimeControl "40/5400+30:1800+30"]

1. d4 Nf6 2. c4 g6 3. Nc3 d5 4. Nf3 Bg7 5. h4 dxc4 6. e4 {[%emt 0:00:21] D90: Grünfeld: 4 Nf3 Bg7 sidelines.} c5 7. d5 b5 {[%emt 0:00:02] Inhibits Qa4.} 8. h5 {[%emt 0:00:08] Black has an edge.} Nxh5 (8... O-O $5 ) 9. Nxb5 O-O 10. Bxc4 Bg4 11. Qc2 a6 12. Nc3 Bxf3 (12... Nd7 13. Nh2 Ne5 14. Nxg4 Nxc4 15. Qe2 $16) 13. gxf3 Qd6 {[%emt 0:00:09] [#] Prevents f4.} 14. Rxh5 $146 ({Predecessor:} 14. Ne2 Nd7 15. f4 Nb6 16. e5 Qd7 17. Be3 Nxc4 18. Qxc4 Rfb8 19. b3 Rb4 20. Qxc5 {½-½ (77) Dragnev,V (2466)-Gopal,G (2593) Caleta 2018}) 14... gxh5 15. Be3 Nd7 16. f4 {[%emt 0:22:21] Against Ne5} Bd4 17. O-O-O Kh8 18. Qd2 e5 ({Black should play} 18... Qb6 $11) 19. fxe5 (19. dxe6 $1 $14 fxe6 20. Ne2 Bxe3 21. Qxe3) 19... Nxe5 $11 20. Bxd4 cxd4 21. Qxd4 {[%emt 0:00:07] f4 is the strong threat.} f6 22. Be2 Rab8 23. Qe3 (23. Rh1 $11) 23... Rfc8 (23... Qb4 $6 24. Rd2 $15) 24. Rd2 h4 {[%emt 0:04:28] Black is more active.} (24... Rg8 $17) 25. f4 $15 Ng6 26. Bg4 Rc4 ({Don't take} 26... Qxf4 27. Qxf4 Nxf4 28. Bxc8 Rxc8 29. Rh2 $14) ({Don't play} 26... Nxf4 27. Bxc8 Rxc8 28. Rf2 $14) 27. Rf2 Re8 28. Be6 h3 (28... Rc7 $15) 29. f5 $2 (29. Qxh3 $14 {keeps the upper hand.} Rb8 30. Qe3) 29... h2 $1 $19 30. Qh6 {[%emt 0:00:33] [#]} (30. Rxh2 $142 Qxh2 31. fxg6) 30... Qg3 $2 (30... Rxc3+ $1 $19 31. bxc3 Qa3+ 32. Kd1 h1=Q+ 33. Qxh1 Rb8 $1) 31. Rxh2 $11 Qe1+ 32. Kc2 Qxe4+ $1 33. Kc1 $1 (33. Kb3 $2 {leads to mate.} Rb8+ 34. Ka3 Ra4+ $3 35. Nxa4 Qb4#) 33... Qf4+ 34. Qxf4 Nxf4 35. Kc2 {[%emt 0:00:09] [#]} (35. d6 $11 {remains equal.} Rc6 36. Bd7 Re1+ 37. Kd2 Rxd6+ 38. Kxe1 Rxd7 39. Rd2) 35... Rd4 $1 $17 36. Rh1 Ng2 (36... Rd8 $17 37. a3 h5) 37. Rh3 (37. Ne2 $11 Ne3+ 38. Kc3 Rxd5 39. Bxd5 Nxd5+ 40. Kd2) 37... Nf4 (37... Rd8 $142 38. Ne2 Re4) 38. Rh1 $1 Rf8 {[%emt 0:02:03] White is now going downhill.} 39. a3 (39. Rh2 $17) 39... h5 $19 40. b4 Kg7 41. Kb3 (41. b5 $142 axb5 42. Nxb5 Nxe6 43. dxe6) 41... h4 42. a4 h3 43. b5 Rb8 44. a5 axb5 {[%emt 0:02:33] Threatens to win with ...b4.} 45. a6 Ra8 46. Nxb5 Rd3+ 47. Kc4 $2 (47. Kb4 Rxa6 48. d6) 47... Rxa6 {[%emt 0:00:12] aiming for ...Ra2.} 48. Nc7 Ra2 {[%emt 0:01:54] And now ...Rc2+ would win.} 49. Ne8+ Kf8 50. Nxf6 Rc2+ 51. Kb4 Rdc3 52. Nd7+ Ke7 53. f6+ Kd6 {[%emt 0:00:38] ( -> ...Nd3+)} 54. f7 Nd3+ {[%emt 0:01:18] Black mates.} 55. Ka4 Ra2+ 56. Kb5 Rb2+ {[%emt 0:00:03] Weighted Error Value: White=0.65/Black=0.20 (precise)} 0-1

[Event "31st Kavala Open-A 2022"]
[Site "Kavala"]
[Date "2022.07.28"]
[Round "4.10"]
[White "Beerdsen, Thomas"]
[Black "Tsaknakis, Zisis"]
[Result "1-0"]
[ECO "B12"]
[WhiteElo "2500"]
[BlackElo "2266"]
[Annotator "TA"]
[PlyCount "93"]
[EventDate "2022.07.27"]
[EventType "swiss"]
[EventCountry "GRE"]
[SourceTitle "playchess.com"]
[Source "ChessBase"]
[SourceQuality "1"]
[TimeControl "40/5400+30:1800+30"]

1. e4 c6 2. d4 d5 3. e5 c5 4. Nf3 cxd4 5. Qxd4 Nc6 6. Qf4 {[%emt 0:00:10] B12: Caro-Kann: Advance Variation.} e6 7. Bd3 Nb4 8. Nc3 $1 {[%emt 0:00:48][%mdl 4] The position is equal. now scores much better than the old 8.0-0.} Nxd3+ 9. cxd3 Ne7 10. Bd2 Ng6 11. Qg3 {[%emt 0:02:48] [#]} b6 $146 ({Predecessor:} 11... Be7 12. h4 h5 13. Bg5 Bd7 14. O-O Rc8 15. Rac1 O-O 16. Ne2 Bb5 17. Rxc8 Qxc8 18. Bxe7 Nxe7 {1-0 (67) Grischuk,A (2758)-Paszewski,M (2286) Chess.com INT 2022}) 12. h4 h5 $1 13. Rc1 {[%emt 0:07:34] Hoping for Nb5.} Ba6 {[%emt 0:12:36] Inhibits Nb5.} 14. Ng5 $36 {[%emt 0:02:05][%cal Og5e6][%mdl 2048] And now Nxe6! would win. White is more active.} Qd7 15. Ne2 d4 (15... Be7 $11 {remains equal.}) 16. Nxd4 $16 {[%emt 0:14:12][%cal Og5e6] White is more active.} Bc5 {[%emt 0:16:00] [#]} (16... Qxd4 $2 17. Qf3 Nxe5 18. Qxa8+ Qd8 19. Qxd8+ (19. Qxa7 Nxd3+ 20. Kd1 Nxf2+ 21. Ke1 Nd3+ 22. Kd1 Nf2+ 23. Ke1 Nd3+ 24. Kd1 Nf2+ $11) 19... Kxd8 20. Rh3 $18) (16... Rc8 $16 17. Rxc8+ (17. Ngxe6 Rxc1+ 18. Bxc1 Ne7 $16) 17... Bxc8 18. Ngxe6 Ne7) 17. Ngxe6 $1 $18 Bxd4 (17... Rc8 18. Nxg7+) 18. Nc7+ Kf8 19. e6 (19. Nxa8 Bxe5 20. Qh3 (20. Bb4+ $2 Kg8 $19) 20... f5 $11) 19... Qe7 {[%emt 0:07:22][%cal Od4b2] [#]} 20. O-O $1 (20. Nxa8 $6 Qxe6+ 21. Be3 Be5) 20... Rd8 21. Nxa6 $2 (21. Rfe1 $18 Bxd3 22. exf7) 21... Be5 $2 {[%emt 0:04:15][%mdl 8192] A mistake that costs the game.} (21... Qxe6 $16 {is more resistant.} 22. Qc7 Bf6) 22. Bb4 Bxg3 23. fxg3 (23. Bxe7+ Kxe7 24. fxg3 fxe6 $16) 23... f6 24. Rc7 {[%emt 0:01:02][%mdl 64] Pin} Re8 25. Bxe7+ Rxe7 26. Rc6 Kg8 27. Rf5 (27. d4 Kh7 28. d5 Rd8 $18) 27... Re8 {[%emt 0:00:02] White must now prevent ...Ne7.} 28. Nc7 Rc8 {[%emt 0:05:44] aiming for ...Ne7.} 29. Rc4 Ne7 30. Rb5 Rd8 31. d4 g6 32. Ra4 Rh7 33. d5 ({Don't play} 33. Rxa7 Nc8 $18) 33... Nc8 {[%emt 0:01:24] [#]} 34. Na6 Nd6 35. Rb3 Nb7 36. Rd4 Re7 37. Rc3 Kf8 38. Nb4 Rxe6 39. dxe6 {[%emt 0:01:19][%cal Bd5e6,Be6e7,Be7e8][%mdl 32] Intending e7+! and mate.} Rxd4 {[%emt 0:00:02][%mdl 4096] Endgame KRN-KRN} 40. Rc8+ Rd8 41. Rc7 {[%emt 0:01:02] Strongly threatening e7+.} Rd1+ 42. Kh2 Nc5 43. e7+ ({Less strong is} 43. Rf7+ Kg8 44. Rxf6 Kg7 45. Rf7+ Kg8 $18) 43... Kf7 44. Nc6 {[%emt 0:00:15] Rc8 is the strong threat.} Nd7 45. Rc8 Re1 46. Rd8 Re6 $2 (46... Rxe7 47. b4 Ne5 48. Nxe7 Kxe7) 47. e8=B+ {[%emt 0:00:34] Weighted Error Value: White=0.13 (very precise) /Black=0.40} 1-0

[Event "31st Kavala Open-A 2022"]
[Site "Kavala"]
[Date "2022.07.28"]
[Round "4.11"]
[White "Bharath Subramaniyam H"]
[Black "Michalicka, Milan"]
[Result "1-0"]
[ECO "E71"]
[WhiteElo "2479"]
[BlackElo "2216"]
[Annotator "TA"]
[PlyCount "81"]
[EventDate "2022.07.27"]
[EventType "swiss"]
[EventCountry "GRE"]
[SourceTitle "playchess.com"]
[Source "ChessBase"]
[SourceQuality "1"]
[TimeControl "40/5400+30:1800+30"]

1. d4 Nf6 2. c4 g6 3. Nc3 Bg7 4. e4 d6 5. h3 O-O 6. Be3 e5 7. d5 a5 8. g4 {[%emt 0:02:14] E71: King's Indian: 4 e4 d6 5 h3.} c6 9. Qd2 cxd5 10. cxd5 {[%emt 0:00:13] [#] White is slightly better.} a4 $146 ({Predecessor:} 10... Na6 11. Nge2 Nc5 12. f3 a4 13. Ng3 Qa5 14. h4 Bd7 15. h5 b5 16. h6 Bh8 {½-½ (31) Bukala,W (1875)-Czechowski,J (2016) Krakow 2021}) 11. f3 Qa5 (11... a3 $14) 12. Nb5 $16 Qd8 13. Ne2 Na6 14. Ng3 Ne8 15. h4 f5 16. gxf5 gxf5 17. exf5 (17. Bg5 Qb6) 17... Bxf5 18. h5 Bd7 19. h6 ({White should try} 19. Ne4 $16) 19... Bf6 (19... Rxf3 $11 20. Rg1 {[#]} (20. hxg7 Rxg3 21. Nc3 Nb4 $15) 20... Qh4 $1) 20. O-O-O {[%emt 0:06:25] 0x0.00207beaede5dp-1022s more active pieces.} Nc5 21. Ne4 Nxe4 22. fxe4 Kh8 23. Bd3 (23. Rg1 $16) 23... Bxb5 (23... Be7 $1 $14) 24. Bxb5 Nc7 25. Bd3 a3 26. b3 Na6 27. Rdf1 Nc5 28. Bc2 Rg8 29. Rhg1 {[%emt 0:02:12] Inhibits Bg5. Strongly threatening Rxg8+.} Qe7 30. Kb1 Rg6 31. Qf2 Nd7 32. Bd1 Rag8 33. Rxg6 hxg6 34. Qg2 {[%emt 0:01:16] Against Bg5} (34. Bg4 Rf8 $16) 34... Kh7 35. Bg4 Rd8 (35... Bg5 $2 36. Be6 Rf8 37. Rxf8 (37. Bxg5 Rxf1+ 38. Qxf1 Qxg5 $11) 37... Qxf8 38. Bxg5 $18) (35... Rf8) 36. Rg1 {[%emt 0:02:34] [#] Black must now prevent Bxd7.} Nf8 37. Qf3 Nd7 38. Be6 {[%emt 0:00:34][%cal Og1g6] Threatens to win with Rxg6! A strong pair of Bishops.} Nf8 39. Rf1 Bg5 (39... Nxe6 40. dxe6 (40. Qxf6 Qxf6 41. Rxf6 Nf4 $11) 40... Rf8) 40. Bxg5 $18 Qxg5 41. Qf7+ {[%emt 0:02:53] Weighted Error Value: White=0.21 (precise) /Black=0.27 (precise)} ({And not} 41. Qf6 Qxf6 42. Rxf6 Nxe6 43. dxe6 Re8 $17) 1-0